 Dungeon Sprint DCSS version 0.25.1-2-g60ff931df9 (webtiles) character file.

Game seed: 13330060628921087084

2111 listentometal the Zephyrmancer (level 9, 0/51 HPs)
             Began as a Tengu Air Elementalist on Sept 30, 2020.
             Was a Believer of Vehumet.
             Slain by a centaur (8 damage)
             ... in the Dungeon (Sprint III: "The Ten Rune Challenge").
             The game lasted 00:08:21 (1676 turns).

listentometal the Zephyrmancer (TeAE)               Turns: 1676, Time: 00:08:21

Health: 0/51       AC:  3    Str:  9    XL:     9   Next: 28%
Magic:  15/22      EV: 17    Int: 19    God:    Vehumet [**....]
Gold:   33         SH:  0    Dex: 14    Spells: 13/24 levels left

rFire    . . .     SeeInvis .   r - +1 long sword (holy)
rCold    . . .     Gourm    .   (no shield)
rNeg     . . .     Faith    .   t - +0 leather armour
rPois    .         Spirit   .   (helmet restricted)
rElec    .         Reflect  .   (no cloak)
rCorr    .         Harm     .   (no gloves)
MR       .....     NoTele   +   (boots unavailable)
Stlth    ++........             (no amulet)
HPRegen  0.17/turn              (no ring)
MPRegen  0.18/turn              (no ring)

@: no status effects
A: beak, talons 3, able to fly
a: Fly, Renounce Religion


You were in the Dungeon.
You worshipped Vehumet.
Vehumet was pleased with you.
You were not hungry.

You visited 1 branch You collected 33 gold pieces.

Inventory:

Hand Weapons
 q - a +0 dagger
 r - a +1 long sword of holy wrath (weapon)
Armour
 a - a +0 robe
 t - a +0 leather armour (worn)
Wands
 h - a wand of flame (7)
Scrolls
 i - a scroll of blinking
 j - 3 scrolls of magic mapping {unknown}
 k - a scroll of torment {unknown}
 l - 4 scrolls of identify
 n - a scroll of immolation {unknown}
 o - 2 scrolls of remove curse
Potions
 d - a potion of curing
 f - a potion of haste
 g - 2 potions of magic
 m - 4 potions of flight
 p - 6 potions of mutation
 s - a potion of berserk rage
Miscellaneous
 b - a lightning rod (3/4)
Comestibles
 c - 3 rations


   Skills:
 + Level 3.4 Fighting
 - Level 3.6 Armour
 + Level 9.1 Dodging
 - Level 2.0 Stealth
 * Level 8.4 Spellcasting
 * Level 14.2 Conjurations
 * Level 14.5 Air Magic


You had 13 spell levels left.
You knew the following spells:

 Your Spells              Type           Power        Failure   Level  Hunger
a - Shock                 Conj/Air       ####         1%          1    None
b - Static Discharge      Conj/Air       ######..     1%          3    None
c - Searing Ray           Conj           ######       1%          2    None
d - Lightning Bolt        Conj/Air       ######....   1%          5    #####..

Your spell library contained the following spells:

 Spells                   Type           Power        Failure   Level  Hunger
 Inner Flame              Hex/Fire       #.......     34%         3    None
 Magic Dart               Conj           ####         1%          1    None
 Swiftness                Chrm/Air       #####...     1%          2    None
 Conjure Flame            Conj/Fire      ####....     1%          3    None
 Mephitic Cloud           Conj/Pois/Air  #####...     1%          3    None
 Airstrike                Air            ######....   1%          4    ###....
 Blink                    Tloc           N/A          19%         2    None
 Call Imp                 Summ           #.......     19%         2    None
 Slow                     Hex            #.......     19%         2    None


Dungeon Overview and Level Annotations

Branches:
Dungeon (1/1)

Altars:
Cheibriados
Dithmenos
Elyvilon
Fedhas
Gozag
Hepliaklqana
Kikubaaqudgha
Makhleb
Nemelex Xobeh
Okawaru
Qazlal
Ru
Sif Muna
Trog
Uskayaw
Vehumet
Wu Jian
Xom
Yredelemnul
Zin
The Shining One
Beogh
Jiyva
Lugonu


Innate Abilities, Weirdness & Mutations

You have a beak for a mouth.
You have claws for feet.
You can fly continuously.


Message History

The lightning grounds out.
The centaur is struck by an arc of lightning.
The centaur is moderately wounded.
The centaur is struck by an arc of lightning.
The centaur is almost dead.
You are struck by an arc of lightning.
* * * LOW HITPOINT WARNING * * *
The lightning grounds out.
The centaur warrior hits you but does no damage.
The centaur hits you.
* * * LOW HITPOINT WARNING * * *
The centaur closely misses you.
You riposte.
You barely miss the centaur. Your peck misses the centaur.
The centaur is almost dead.
The centaur warrior hits you.
* * * LOW HITPOINT WARNING * * *
Unknown command.
Unknown command.
You feel better. The centaur hits you!
You die...

_.#._# ###[## .....#
.....# ####'#
_#...#+#############
_#...#..≈§§'§#.(...+
_#...#.#§§§#.#.#(c.#
_#...'.#§§§#.#.#@c.#
_'...#.#§§§#...#c..#
▓▓▓▓▓▓▓▓▓▓▓▓▓▓▓▓▓▓▓#


You could see a centaur warrior and 2 centaurs.

Vanquished Creatures
  Snorg (D)
  A deep elf mage (D)
  A shadow (D)
  A spatial vortex (D)
  A necrophage (D)
  An earth elemental (D)
  A water elemental (D)
  A jelly (D)
  A wizard (D)
  Jessica (D)
  A necromancer (D)
  3 humans (D)
  A kobold demonologist (D)
  A wolf (D)
  An ooze (D)
  2 rats (D)
19 creatures vanquished.

Notes
Turn   | Place    | Note
-------+----------+-------------------------------------------
     0 | D        | listentometal the Tengu Air Elementalist began the quest
                  | for the Orb.
     0 | D        | Reached XP level 1. HP: 10/10 MP: 4/4
    82 | D        | Noticed Jessica
    89 | D        | Killed Jessica
    89 | D        | Reached XP level 2. HP: 10/15 MP: 0/6
    89 | D        | Reached XP level 3. HP: 12/19 MP: 0/8
   201 | D        | Reached skill level 5 in Conjurations
   205 | D        | Reached XP level 4. HP: 17/24 MP: 0/10
   237 | D        | Learned a level 3 spell: Static Discharge
   290 | D        | Noticed a water elemental
   306 | D        | Killed a water elemental
   306 | D        | Gained mutation: You can fly continuously. [Tengu growth]
   306 | D        | Reached XP level 5. HP: 19/28 MP: 2/12
   468 | D        | Learned a level 5 spell: Lightning Bolt
   468 | D        | Found a radiant altar of Vehumet.
   469 | D        | Found a shimmering blue altar of Sif Muna.
   469 | D        | Found an ancient bone altar of Kikubaaqudgha.
   471 | D        | Noticed a red devil
   471 | D        | Reached skill level 5 in Dodging
   523 | D        | Became a worshipper of Vehumet
   534 | D        | Found a basalt altar of Yredelemnul.
   534 | D        | Found a shadowy altar of Dithmenos.
   534 | D        | Found a sacrificial altar of Ru.
   534 | D        | Noticed a necrophage
   538 | D        | Killed a necrophage
   538 | D        | Reached skill level 10 in Air Magic
   538 | D        | Reached XP level 6. HP: 18/30 MP: 4/14
   539 | D        | Reached skill level 5 in Spellcasting
   832 | D        | Reached * piety under Vehumet
   832 | D        | Offered knowledge of Sandblast by Vehumet.
   855 | D        | Found a glowing silver altar of Zin.
   855 | D        | Found a glowing golden altar of the Shining One.
   855 | D        | Found a white marble altar of Elyvilon.
   855 | D        | Noticed a deep elf mage
   859 | D        | Killed a deep elf mage
   859 | D        | Reached XP level 7. HP: 32/34 MP: 6/17
   929 | D        | Found a hide-covered altar of Uskayaw.
   929 | D        | Found a roughly hewn altar of Beogh.
   929 | D        | Found an iron altar of Okawaru.
   929 | D        | Found a bloodstained altar of Trog.
   929 | D        | Found an ornate altar of the Wu Jian Council.
   929 | D        | Noticed a human
   929 | D        | Noticed a human
   937 | D        | Killed a human
   937 | D        | Reached XP level 8. HP: 21/39 MP: 3/19
  1099 | D        | Noticed a shadow
  1100 | D        | Killed a shadow
  1100 | D        | Reached ** piety under Vehumet
  1100 | D        | Offered knowledge of Searing Ray by Vehumet.
  1100 | D        | Reached skill level 1 in Fighting
  1100 | D        | Reached skill level 1 in Armour
  1132 | D        | Found a blossoming altar of Fedhas.
  1132 | D        | Found a stormy altar of Qazlal.
  1132 | D        | Found a snail-covered altar of Cheibriados.
  1132 | D        | Found a burning altar of Makhleb.
  1132 | D        | Found a shimmering altar of Xom.
  1139 | D        | Found a hazy altar of Hepliaklqana.
  1139 | D        | Found an opulent altar of Gozag.
  1139 | D        | Found a sparkling altar of Nemelex Xobeh.
  1139 | D        | Found a corrupted altar of Lugonu.
  1139 | D        | Found a viscous altar of Jiyva.
  1158 | D        | Learned a level 2 spell: Searing Ray
  1357 | D        | Noticed Snorg
  1405 | D        | Killed Snorg
  1405 | D        | Reached XP level 9. HP: 28/49 MP: 19/22
  1600 | D        | Offered knowledge of Inner Flame by Vehumet.
  1669 | D        | Noticed a centaur warrior
  1672 | D        | HP: 1/49 [centaur (6)]
  1676 | D        | Slain by a centaur

Illustrated notes

Levels and vault maps discovered:
D:        dungeon_sprint_mu [sprint_mu_entry_cave, sprint_mu_temple_rooms,
          sprint_mu_d1_horrors, sprint_mu_d2_genie, sprint_mu_d3_branching,
          sprint_mu_orc_legion, sprint_mu_elf_gauntlet, sprint_mu_hive_nellie,
          sprint_mu_lair_fedhas, sprint_mu_vaults_butterflies,
          sprint_mu_slime_circle, sprint_mu_shoals_kraken,
          sprint_mu_snake_twists, sprint_mu_blade_basic, sprint_mu_crypt_lich,
          sprint_mu_tomb_spiral, sprint_mu_vestibule_basic,
          sprint_mu_gehenna_hellfire, sprint_mu_dis_giant,
          sprint_mu_tartarus_statrot, sprint_mu_cocytus_islands, sprint_mu_zot1]

Skill      XL: |  1  2  3  4  5  6  7  8 |
---------------+-------------------------+-----
Conjurations   | 4 5 7 9 12 14 | 14.2
Dodging        | 3 4 5 7 9 |  9.1
Air Magic      | 6 7 8 10 12 13 14 | 14.5
Spellcasting   | 3 4 6 8 |  8.4
Fighting       | 3 |  3.4
Armour         | 3 |  3.6
Stealth        | |  2.0

Action                   |  1- 3 |  4- 6 |  7- 9 || total
-------------------------+-------+-------+-------++-------
Melee: Unarmed           |     2 |     3 |       ||     5
       Kick              |     1 |     1 |       ||     2
       Dagger            |       |       |     1 ||     1
       Peck              |       |       |     1 ||     1
 Cast: Shock             |    18 |    13 |    39 ||    70
       Static Discharge  |       |     8 |     7 ||    15
       Searing Ray       |       |       |     7 ||     7
       Lightning Bolt    |       |       |     1 ||     1
Evoke: Lightning rod     |       |       |     4 ||     4
       Wand              |       |       |     1 ||     1
  Use: Potion            |       |     1 |     2 ||     3
  Eat: Chunk             |       |       |     2 ||     2
       Ration            |       |       |     1 ||     1
Armor: Robe              |       |     1 |       ||     1
       Leather armour    |       |       |     3 ||     3
Dodge: Dodged            |     5 |     9 |    17 ||    31
       Rpst.: Long sword |       |       |     1 ||     1
